 Dungeon Crawl Stone Soup version 0.17.1-3-g152610e (webtiles) character file.

1622 theElss the Thaumaturge (level 8, -8/44 HPs)
             Began as a Deep Elf Conjurer on Mar 22, 2016.
             Was an Initiate of Vehumet.
             Shot with an arrow by a centaur (14 damage)
             ... on level 5 of the Dungeon.
             The game lasted 00:25:29 (7269 turns).

theElss the Thaumaturge (Deep Elf Conjurer)         Turns: 7269, Time: 00:25:30

Health: -8/44      AC:  6    Str:  5    XL:     8   Next: 65%
Magic:  22/32      EV: 13    Int: 23    God:    Vehumet [......]
Gold:   191        SH:  0    Dex: 15    Spells: 4 memorised, 13 levels left

rFire  . . .     SeeInvis .     (no weapon)
rCold  . . .     Clarity  .     v - +0 leather armour
rNeg   . . .     SustAt   .     (no shield)
rPois  .         Gourm    .     F - +0 helmet
rElec  .         Spirit   .     (no cloak)
rCorr  .         Warding  .     u - +1 pair of gloves
rMut   .         Stasis   +     (no boots)
MR     .....                    l - amulet of stasis
Stlth  ++........               (no ring)
                                A - ring of magical power

@: very slightly contaminated, not resistant to hostile enchantments, unstealthy
A: no striking features
a: Renounce Religion


You were on level 5 of the Dungeon.
You worshipped Vehumet.
Vehumet was noncommittal.
You were hungry.

You visited 2 branches of the dungeon, and saw 7 of its levels.

You collected 191 gold pieces.

Inventory:

Armour
 a - a +0 robe
 u - a +1 pair of gloves (worn)
 v - a +0 leather armour (worn)
 F - a +0 helmet (worn)
 M - a +2 pair of gloves
Jewellery
 i - an uncursed amulet of guardian spirit {unknown}
 l - an amulet of stasis (around neck)
 s - an uncursed ring of ice
 y - an uncursed ring of teleportation
 A - a ring of magical power (left hand)
Wands
 d - a wand of random effects (22)
 L - a wand of fire (5)
Scrolls
 e - 4 scrolls of enchant weapon {unknown}
 h - a scroll of noise {unknown}
 j - 5 scrolls of magic mapping {unknown}
 k - 2 scrolls of enchant armour {unknown}
 m - 5 scrolls of remove curse
 n - 4 scrolls of recharging {unknown}
 p - 3 scrolls of teleportation {unknown}
 q - 2 scrolls of fear {unknown}
 B - 2 scrolls of fog {unknown}
 E - a scroll of immolation {unknown}
 H - 3 scrolls of blinking {unknown}
 K - a scroll of random uselessness {unknown}
Potions
 f - 4 potions of curing
 g - 3 potions of might {unknown}
 o - a potion of ambrosia
 r - 2 potions of agility
 t - a potion of poison {unknown}
 w - 2 potions of heal wounds
 x - a potion of beneficial mutation {unknown}
 C - a potion of resistance {unknown}
 D - a potion of invisibility {unknown}
 I - a potion of cure mutation {unknown}
 N - a potion of flight {unknown}
Books
 b - a book of Conjurations

   Spells                             Type                      Level
   a - Magic Dart                     Conjuration                  1
   b - Searing Ray                    Conjuration                  2
   c - Dazzling Spray                 Conjuration/Hexes            3
   d - Fulminant Prism                Conjuration/Hexes            4
   e - Iskenderun's Mystic Blast      Conjuration                  4
   f - Iskenderun's Battlesphere      Conjuration/Charms           5
Comestibles
 c - 5 bread rations
 z - 2 beef jerkies
 G - 2 slices of pizza
 J - 2 meat rations


   Skills:
 * Level 2.2 Fighting
 - Level 2.1 Armour
 + Level 4.4 Dodging
 - Level 3.5 Stealth
 + Level 9.2 Spellcasting
 + Level 8.4 Conjurations
 + Level 0.4 Charms


You had 13 spell levels left.
You knew the following spells:

 Your Spells              Type           Power        Failure   Level  Hunger
a - Magic Dart            Conj           ####         1%          1    None
b - Iskenderun's Battles  Conj/Chrm      ####....     50%         5    ####...
c - Searing Ray           Conj           #####.       1%          2    None
d - Iskenderun's Mystic   Conj           #####...     3%          4    ##.....


Dungeon Overview and Level Annotations

Branches:
Dungeon (6/15)             Temple (1/1) D:5

Altars:
Ashenzari
Cheibriados
Dithmenos
Elyvilon
Fedhas
Gozag
Kikubaaqudgha
Makhleb
Nemelex Xobeh
Qazlal
Ru
Sif Muna
Trog
Vehumet
Xom
Zin

Annotations:
D:2 Sigmund


Message History

The centaur is heavily wounded.
The centaur shoots an arrow.
The arrow barely misses you.
The centaur shoots an arrow.
The arrow hits you!
* * * LOW HITPOINT WARNING * * *
The centaur shoots an arrow.
The arrow closely misses you.
Casting: Magic Dart
Confirm with . or Enter, or press ? or * to list all spells.
The spell is very dangerous to cast!
Continue anyway?
You miscast Iskenderun's Battlesphere.
You are very lightly contaminated with residual magic.
You are feeling hungry.
Casting: Iskenderun's Battlesphere
Confirm with . or Enter, or press ? or * to list all spells.
Aiming: Magic Dart
Press: ? - help, Shift-Dir - straight line, f/p - centaur
Aim: a centaur, wielding a shortbow (heavily wounded)
The magic dart hits the centaur.
The centaur is severely wounded.
The centaur shoots an arrow.
The arrow hits you!
You die...

####......####.#...##>#####.##.##
.....)..........................#
##.........###.#.#..#.#...#......
###.......##..#.#..#.#..........
###..##c##c..................(
##..............##..........
######....<.....>.........P
###.#.(........#.....P
#.#@#..#.#........P.
#.#.#.....).......P.
#.#......#...#.##...
######.....<####.#..##...
#####.........#........###..O
#.....##..>....#####....##...
###..###.......# ##....##...
##..)........####..##..####
####................#..###


You could see a centaur.

Vanquished Creatures
  An orc warrior (D:6)
  A necrophage (D:6)
  A sky beast (D:5)
  2 ogres
  A centaur (D:6)
  The ghost of emiel the Sneak, an amateur OpEn (D:4)
  6 killer bees (D:6)
  A hound (D:6)
  A crimson imp (D:6)
  A giant frog zombie (D:6)
  5 orc priests
  4 orc wizards
  Terence (D:3)
  5 worker ants
  A hound zombie (D:6)
  A hound skeleton (D:5)
  10 adders
  An adder zombie (D:5)
  An adder skeleton (D:4)
  5 giant geckos
  28 orcs
  14 goblins
  9 hobgoblins
  9 jackals
  8 kobolds
  2 ball pythons
  9 bats
  8 giant cockroaches
  6 giant newts
  2 jackal skeletons
  5 quokkas
  A quokka skeleton (D:4)
  7 rats
158 creatures vanquished.

Notes
Turn   | Place    | Note
--------------------------------------------------------------
     0 | D:1      | theElss the Deep Elf Conjurer began the quest for the Orb.
     0 | D:1      | Reached XP level 1. HP: 10/10 MP: 6/6
   257 | D:1      | Reached XP level 2. HP: 13/15 MP: 6/8
   261 | D:1      | Learned a level 2 spell: Searing Ray
   532 | D:1      | Reached skill level 5 in Conjurations
   947 | D:1      | Reached XP level 3. HP: 19/19 MP: 6/9
  1155 | D:2      | Found a snail-covered altar of Cheibriados.
  1514 | D:2      | Reached XP level 4. HP: 24/24 MP: 7/11
  2105 | D:2      | Noticed Sigmund
  2122 | D:3      | Noticed Terence
  2514 | D:4      | Reached skill level 6 in Conjurations
  2514 | D:4      | Reached XP level 5. HP: 28/28 MP: 2/13
  2521 | D:4      | Learned a level 5 spell: Iskenderun's Battlesphere
  2624 | D:4      | Found a deep blue altar of Sif Muna.
  2663 | D:4      | Reached skill level 5 in Spellcasting
  2986 | D:4      | Learned a level 4 spell: Iskenderun's Mystic Blast
  3239 | D:3      | Found a sparkling altar of Nemelex Xobeh.
  3313 | D:3      | Reached XP level 6. HP: 32/32 MP: 6/16
  4016 | D:3      | Killed Terence
  4445 | D:4      | Noticed emiel's ghost (amateur OpEn)
  4452 | D:4      | Killed emiel's ghost
  5040 | D:5      | Entered Level 5 of the Dungeon
  5048 | D:5      | Reached XP level 7. HP: 36/36 MP: 19/19
  5085 | D:5      | Found a staircase to the Ecumenical Temple.
  5093 | D:5      | Reached skill level 1 in Armour
  5093 | D:5      | Reached skill level 7 in Conjurations
  5108 | Temple   | Entered the Ecumenical Temple
  5113 | Temple   | Became a worshipper of Vehumet
  5641 | D:6      | Reached XP level 8. HP: 40/42 MP: 21/21
  5646 | D:6      | Reached skill level 8 in Spellcasting
  5646 | D:6      | Reached skill level 1 in Fighting
  6502 | D:6      | Reached skill level 9 in Spellcasting
  7010 | D:5      | Found a shattered altar of Ashenzari.
  7269 | D:5      | Shot with an arrow by a centaur

Action                   |  1- 3 |  4- 6 |  7- 9 || total
-------------------------+-------+-------+-------++-------
 Cast: Magic Dart        |    76 |   128 |    55 ||   259
       Searing Ray       |     1 |    18 |    23 ||    42
       Iskenderun's Myst |       |       |     1 ||     1
  Use: Scroll            |       |     7 |       ||     7
  Eat: Chunk             |     2 |    10 |     5 ||    17
       Royal jelly       |       |       |     1 ||     1
